Match 32841525
Unlisted

Match 32841525
End
Vickers Machine Gun Team
Construct Section Command Post
Infantry Section
Infantry Section
Construct Platoon Command Post
Selects Indian Artillery Battlegroup
Selects Towed ML 4.2-inch Heavy Mortar
Infantry Section
Towed ML 4.2-inch Heavy Mortar
Infantry Training
Construct Company Command Post
Selects Valour
6-pounder Anti-tank Gun Team
Grenade Package
Selects Gurkha Rifles Section
Crusader II Medium Tank
Selects Off-map Airburst Barrage
Off-map Airburst Barrage
Foot Guards Section
Unlock M3 Grant Medium Tanks
M3 Grant Medium Tank
Off-map Airburst Barrage
Gurkha Rifles Section
M3 Grant Medium Tank
Off-map Airburst Barrage
Selects Volunteer Infantry
Armored Vehicle Training
Off-map Airburst Barrage
Off-map Airburst Barrage
M3 Grant Medium Tank
Selects Perimeter Monitor
Team Weapon Training
Off-map Airburst Barrage
M3 Grant Medium Tank
Perimeter Monitor
Off-map Airburst Barrage
Halophile
dr_squid
Microsoft Office Excel
Microsoft Office Word
0
0

Comments sign in to comment!

No comments posted yet!